 Dungeon Crawl Stone Soup version 0.23-b1-51-gfe822ef6ca (webtiles) character file.

Game seed: 7301825647993943114

31819 LostNumber the Thaumaturge (level 13, -5/101 HPs)
             Began as a Gnoll Warper on Feb 3, 2019.
             Was a High Priest of Okawaru.
             Slain by an entropy weaver (7 damage)
             ... on level 5 of the Lair of Beasts.
             The game lasted 00:34:19 (21348 turns).

LostNumber the Thaumaturge (Gnoll Warper)          Turns: 21348, Time: 00:34:19

Health: -5/101     AC:  1    Str: 17    XL:     13   Next: 60%
Magic:  22/26      EV: 16    Int: 15    God:    Okawaru [*****.]
Gold:   381        SH:  0    Dex: 17    Spells: 10/31 levels left

rFire    . . .     SeeInvis .   Q - +8 trident of the Octopus King {venom, rElec rPois MR+}
rCold    + + +     Gourm    .   (no shield)
rNeg     . . .     Faith    .   x - +3 chain mail
rPois    +         Spirit   .   (no helmet)
rElec    +         Reflect  .   O - +2 cloak
rCorr    .         Harm     .   U - +0 pair of gloves of the Morning {rPois} (curse)
MR       +....                  (no boots)
Stlth    +++.......             (no amulet)
HPRegen  0.26/turn              m - ring of protection from cold
MPRegen  0.20/turn              i - ring "Nuenolui" {+Fly rElec rC++ Int-2 Dex+2}

@: about to teleport, heroism, finesse, corroded
A: distributed training, fangs 1, strong nose
a: Heroism, Finesse, Renounce Religion, Evoke Flight


You were on level 5 of the Lair of Beasts.
You worshipped Okawaru.
Okawaru was extremely pleased with you.
You were not hungry.

You visited 3 branches of the dungeon, and saw 19 of its levels.

You collected 1053 gold pieces.
You spent 672 gold pieces at shops.

Inventory:

Hand Weapons
 a - a +0 falchion
 u - a +2 mace of protection
 B - a +1 dagger of holy wrath
 E - a -2 mace
 G - a +1 mace of holy wrath
 L - a +2 short sword of draining
 Q - the +8 trident of the Octopus King (weapon) {venom, rElec rPois MR+}
   (You took it off Grum on level 9 of the Dungeon)

   It poisons the flesh of those it strikes.
   It insulates you from electricity.
   It protects you from poison.
   It affects your resistance to hostile enchantments.
Missiles
 e - 5 tomahawks of dispersal (quivered)
 F - 15 tomahawks
Armour
 x - a +3 chain mail (worn)
 y - a +0 cloak of poison resistance
 O - a +2 cloak (worn)
 U - the cursed +0 pair of gloves of the Morning (worn) {rPois}
   (You found it on level 4 of the Lair of Beasts)

   It protects you from poison.
   It has a curse placed upon it.
Jewellery
 d - an uncursed ring of positive energy
 i - the ring "Nuenolui" (right hand) {+Fly rElec rC++ Int-2 Dex+2}
   (You found it on level 12 of the Dungeon)

   [ring of dexterity]

   It affects your intelligence (-2).
   It affects your dexterity (+2).
   It greatly protects you from cold.
   It insulates you from electricity.
   It lets you fly.
 j - an uncursed ring of fire
 m - a ring of protection from cold (left hand)
Wands
 n - a wand of iceblast (9)
 r - a wand of clouds (5)
 A - a wand of paralysis (2)
 D - a wand of acid (1)
 H - a wand of enslavement (13)
 I - a wand of flame (33)
 N - a wand of random effects (26)
Scrolls
 b - a scroll of amnesia
 c - 5 scrolls of remove curse
 g - 2 scrolls of enchant weapon
 o - a scroll of teleportation
 p - a scroll of silence {unknown}
 v - 2 scrolls of enchant armour
 K - 4 scrolls of fog
 R - a scroll of fear {unknown}
 V - 2 scrolls of identify
Potions
 h - a potion of invisibility {unknown}
 k - a potion of mutation {unknown}
 l - 2 potions of cancellation {unknown}
 q - a potion of berserk rage {unknown}
 s - 6 potions of curing
 t - 3 potions of heal wounds
 w - 3 potions of flight
 z - 4 potions of haste
 C - 2 potions of resistance
 J - 2 potions of might
 M - a potion of magic {unknown}
 P - 5 potions of agility
 S - a potion of lignification
 T - a potion of brilliance
Comestibles
 f - 23 rations
 W - 3 chunks of flesh


   Skills:
 + Level 9.5(14.5) Fighting
 + Level 8.3(13.3) Short Blades
 + Level 9.5(14.5) Long Blades
 + Level 8.3(13.3) Axes
 + Level 8.3(13.3) Maces & Flails
 + Level 8.3(13.3) Polearms
 + Level 8.3(13.3) Staves
 + Level 8.3(13.3) Slings
 + Level 8.3(13.3) Bows
 + Level 8.3(13.3) Crossbows
 + Level 8.7(13.7) Throwing
 + Level 8.7(13.7) Armour
 + Level 9.5(14.5) Dodging
 + Level 8.3(13.3) Stealth
 + Level 8.3(13.3) Shields
 + Level 8.3(13.3) Unarmed Combat
 + Level 9.7 Spellcasting
 + Level 6.9 Conjurations
 + Level 6.9 Hexes
 + Level 6.9 Charms
 + Level 6.9 Summonings
 + Level 6.9 Necromancy
 + Level 8.9 Translocations
 + Level 6.9 Transmutations
 + Level 6.9 Fire Magic
 + Level 6.9 Ice Magic
 + Level 6.9 Air Magic
 + Level 6.9 Earth Magic
 + Level 6.9 Poison Magic
 + Level 9.1 Invocations
 + Level 8.3 Evocations


You had 10 spell levels left.
You knew the following spells:

 Your Spells              Type           Power        Failure   Level  Hunger
a - Blink                 Tloc           N/A          3%          2    None
b - Shroud of Golubria    Chrm/Tloc      ####......   4%          2    None
c - Lesser Beckoning      Tloc           ####......   6%          3    #......
d - Teleport Other        Tloc           ####....     6%          3    #......
e - Passage of Golubria   Tloc           N/A          19%         4    ###....
f - Regeneration          Chrm/Necr      ####......   13%         3    #......
g - Summon Ice Beast      Ice/Summ       ####....     41%         4    ###....

Your spell library contained the following spells:

 Spells                   Type           Power        Failure   Level  Hunger
 Apportation              Tloc           ####..       1%          1    None
 Animate Skeleton         Necr           N/A          4%          1    None
 Confusing Touch          Hex            ####..       4%          1    None
 Freeze                   Ice            ####         4%          1    None
 Pain                     Necr           ####         4%          1    None
 Sting                    Conj/Pois      ####         4%          1    None
 Summon Small Mammal      Summ           ####         4%          1    None
 Gell's Gravitas          Tloc           ####......   6%          3    #......
 Poisonous Vapours        Pois/Air       ####..       7%          2    None
 Throw Frost              Conj/Ice       ####..       7%          2    None
 Conjure Flame            Conj/Fire      ####....     13%         3    #......
 Mephitic Cloud           Conj/Pois/Air  ####....     13%         3    #......
 Ozocubu's Armour         Chrm/Ice       ####....     13%         3    #......
 Vampiric Draining        Necr           ####......   13%         3    #......
 Animate Dead             Necr           N/A          41%         4    ###....
 Olgreb's Toxic Radiance  Pois           ####....     41%         4    ###....
 Throw Icicle             Conj/Ice       ####....     41%         4    ###....
 Venom Bolt               Conj/Pois      ####......   77%         5    #####..
 Freezing Cloud           Conj/Ice/Air   ####......   100%        6    ######.
 Ring of Flames           Chrm/Fire      ####......   100%        7    #######


Dungeon Overview and Level Annotations

Branches:
Dungeon (13/15)            Temple (1/1) D:4            Lair (5/6) D:11
  Swamp (0/4) Lair:3        Snake (0/4) Lair:4          Orc (0/2) D:9
  Slime: Lair:5-6    Vaults: D:13-14

Altars:
Ashenzari
Fedhas
Gozag
Hepliaklqana
Kikubaaqudgha
Makhleb
Okawaru
Qazlal
Sif Muna
Trog
Uskayaw
Vehumet
Wu Jian

Shops:
D:5 ?   D:6 (   D:7 [   D:10 %

Annotations:
Lair:2 2 transporters, Ciovowug's ghost, journeyman DrTm


Innate Abilities, Weirdness & Mutations

Your experience applies equally to all skills.
You have very sharp teeth.
Your uncanny sense of smell can sniff out nearby items.


Message History

Unknown command.
Okay, then.
Unknown command.
Okay, then.
Unknown command.
You feel much better. The entropy weaver hits you.
* * * LOW HITPOINT WARNING * * *
The entropy weaver hits you.
* * * LOW HITPOINT WARNING * * *
The entropy weaver barely misses you. The entropy weaver closely misses you.
Unknown command.
As you read the scroll of teleportation, it crumbles to dust.
You feel strangely unstable. The entropy weaver hits you.
* * * LOW HITPOINT WARNING * * *
The entropy weaver hits you!
* * * LOW HITPOINT WARNING * * *
The entropy weaver hits you.
* * * LOW HITPOINT WARNING * * *
The entropy weaver hits you!
You die... .## ##P..P#......#.#.. ∆.a[. #.# #......<÷....#..a...a### ..## ##..........## ..aa ...# #.##.........# aa.# ...# ##.......†..## aa#

..P## #..........###aa#
...P###.P........#†#.#
..P##.............#.##.#
...#............@aa...#
...##...#.....#..a##.##
.......############ #
...#..#.# #.#.##.##
..###### #...# ....##
P....#


You could see 2 entropy weavers and a worker ant.

Vanquished Creatures
  Josephine (Lair:5)
  Harold (D:9)
  A hydra (Lair:1)
  A queen ant (Lair:5)
  3 death yaks
  An unseen horror (D:12)
  2 ugly things (D:9)
  A deep elf mage (D:12)
  3 centaur zombies
  Maurice (D:9)
  4 black mambas
  Joseph (D:8)
  A gargoyle (D:12)
  12 spiny frogs
  5 komodo dragons
  A queen bee (D:10)
  A troll (D:10)
  A tyrant leech (Lair:3)
  2 polar bears
  A slime creature (D:12)
  5 hippogriffs
  4 blink frogs (Lair:1)
  Sigmund (D:5)
  5 wraiths
  19 yaks
  2 wyverns
  2 basilisks
  Grum (D:9)
  A swamp worm (Lair:3)
  2 nagas (Lair:4)
  4 soldier ants (Lair:5)
  7 porcupines
  3 water moccasins
  A sky beast (D:6)
  5 orc warriors
  2 ice beasts
  A slave (D:5)
  3 black bears
  2 phantoms
  2 necrophages
  4 wolves (D:9)
  4 ogres
  4 centaurs
  13 crocodiles
  3 big kobolds
  19 bullfrogs
  3 scorpions
  38 killer bees
  5 wights (D:12)
  4 electric eels (Lair:1)
  2 howler monkeys
  A bullfrog zombie (D:11)
  4 crimson imps
  A quasit (D:6)
  2 jellies
  3 hounds
  8 orc wizards
  3 orc priests
  A bullfrog skeleton (D:7)
  Ijyb (D:3)
  5 iguanas (D:11)
  A hell rat (D:11)
  22 worker ants
  A killer bee zombie (D:9)
  2 hound zombies
  3 hound skeletons
  14 adders
  A howler monkey skeleton (D:10)
  A river rat (D:11)
  A shadow imp (D:5)
  3 oozes
  4 adder skeletons
  A worm (D:4)
  2 dart slugs
  8 leopard geckos
  46 orcs
  4 giant cockroaches
  7 goblins
  8 hobgoblins
  11 jackals
  28 kobolds
  6 quokkas
  6 bats
  7 frilled lizards
  A jackal skeleton (D:8)
  2 leopard gecko zombies
  11 rats
445 creatures vanquished.

Vanquished Creatures (others)
  A plant (Lair:5)
1 creature vanquished.

Grand Total: 446 creatures vanquished

Notes
Turn   | Place    | Note
-------+----------+-------------------------------------------
     0 | D:1      | LostNumber the Gnoll Warper began the quest for the Orb.
     0 | D:1      | Reached XP level 1. HP: 20/20 MP: 6/6
     4 | D:1      | Noticed an electric eel
   192 | D:1      | Reached XP level 2. HP: 26/26 MP: 7/7
   196 | D:1      | Learned a level 2 spell: Blink
   199 | D:1      | Learned a level 2 spell: Shroud of Golubria
   902 | D:2      | Reached XP level 3. HP: 31/31 MP: 9/9
   935 | D:2      | Reached skill level 5 in Spellcasting
  1006 | D:2      | Reached skill level 1 in Invocations
  1459 | D:2      | Reached skill level 1 in Short Blades
  1459 | D:2      | Reached skill level 1 in Axes
  1459 | D:2      | Reached skill level 1 in Maces & Flails
  1459 | D:2      | Reached skill level 1 in Polearms
  1459 | D:2      | Reached skill level 1 in Staves
  1459 | D:2      | Reached skill level 1 in Slings
  1459 | D:2      | Reached skill level 1 in Bows
  1459 | D:2      | Reached skill level 1 in Crossbows
  1459 | D:2      | Reached skill level 1 in Stealth
  1459 | D:2      | Reached skill level 1 in Shields
  1459 | D:2      | Reached skill level 1 in Unarmed Combat
  1459 | D:2      | Reached skill level 1 in Evocations
  1503 | D:2      | Reached XP level 4. HP: 38/38 MP: 11/11
  1915 | D:3      | Reached skill level 1 in Conjurations
  1915 | D:3      | Reached skill level 1 in Hexes
  1915 | D:3      | Reached skill level 1 in Charms
  1915 | D:3      | Reached skill level 1 in Summonings
  1915 | D:3      | Reached skill level 1 in Necromancy
  1915 | D:3      | Reached skill level 1 in Transmutations
  1915 | D:3      | Reached skill level 1 in Fire Magic
  1915 | D:3      | Reached skill level 1 in Ice Magic
  1915 | D:3      | Reached skill level 1 in Air Magic
  1915 | D:3      | Reached skill level 1 in Earth Magic
  1915 | D:3      | Reached skill level 1 in Poison Magic
  1991 | D:3      | Noticed Ijyb
  1992 | D:3      | Paralysed by Ijyb for 2 turns
  1996 | D:3      | Paralysed by Ijyb for 2 turns
  2004 | D:3      | Paralysed by Ijyb for 2 turns
  2009 | D:3      | Killed Ijyb
  2009 | D:3      | Reached XP level 5. HP: 43/43 MP: 12/12
  2320 | D:4      | Reached XP level 6. HP: 8/50 MP: 11/13
  2681 | D:4      | Learned a level 3 spell: Lesser Beckoning
  2685 | D:4      | Learned a level 3 spell: Teleport Other
  3018 | D:4      | Reached skill level 5 in Fighting
  3018 | D:4      | Reached skill level 5 in Long Blades
  3018 | D:4      | Reached skill level 5 in Dodging
  3608 | D:4      | Found a staircase to the Ecumenical Temple.
  3621 | D:4      | Reached XP level 7. HP: 56/56 MP: 15/15
  3734 | D:4      | Learned a level 4 spell: Passage of Golubria
  3793 | D:5      | Entered Level 5 of the Dungeon
  4180 | Temple   | Entered the Ecumenical Temple
  4193 | Temple   | Became a worshipper of Warmaster Okawaru
  4841 | D:5      | Reached * piety under Okawaru
  4997 | D:5      | Noticed Sigmund
  5000 | D:5      | Killed Sigmund
  5000 | D:5      | Reached XP level 8. HP: 59/63 MP: 16/16
  5133 | D:5      | Found Rinusk's Magic Scroll Emporium.
  5141 | D:5      | Bought a scroll of fog for 28 gold pieces
  5141 | D:5      | Bought a scroll of teleportation for 42 gold pieces
  5141 | D:5      | Bought a scroll of fog for 28 gold pieces
  5574 | D:6      | Found Rufafuxe's Antique Weapon Shop.
  6783 | D:6      | Bought a translucent whip for 195 gold pieces
  6784 | D:6      | Identified the +7 whip "Lugen" {slash, *Drain rElec rN+}
                  | (You bought it in a shop on level 6 of the Dungeon)
  7219 | D:7      | Reached ** piety under Okawaru
  7219 | D:7      | Reached XP level 9. HP: 40/69 MP: 16/18
  8004 | D:7      | Reached skill level 5 in Throwing
  8004 | D:7      | Reached skill level 5 in Armour
  8654 | D:7      | Found Peogiuli's Antique Armour Emporium.
  9184 | D:8      | Reached *** piety under Okawaru
  9285 | D:8      | Noticed Joseph
  9306 | D:8      | Killed Joseph
  9306 | D:8      | Reached skill level 5 in Invocations
  9360 | D:8      | Reached XP level 10. HP: 73/77 MP: 17/20
  9728 | D:9      | Noticed Maurice
  9749 | D:9      | Killed Maurice
  9821 | D:9      | Reached skill level 5 in Short Blades
  9821 | D:9      | Reached skill level 5 in Axes
  9821 | D:9      | Reached skill level 5 in Maces & Flails
  9821 | D:9      | Reached skill level 5 in Polearms
  9821 | D:9      | Reached skill level 5 in Staves
  9821 | D:9      | Reached skill level 5 in Slings
  9821 | D:9      | Reached skill level 5 in Bows
  9821 | D:9      | Reached skill level 5 in Crossbows
  9821 | D:9      | Reached skill level 5 in Stealth
  9821 | D:9      | Reached skill level 5 in Shields
  9821 | D:9      | Reached skill level 5 in Unarmed Combat
  9821 | D:9      | Reached skill level 5 in Evocations
  9909 | D:9      | Noticed Grum
  9935 | D:9      | Reached **** piety under Okawaru
 10123 | D:9      | Killed Grum
 10246 | D:9      | Found a staircase to the Orcish Mines.
 10660 | D:9      | Noticed a purple ugly thing
 10670 | D:9      | Killed a purple ugly thing
 10697 | D:9      | Noticed a red ugly thing
 10709 | D:9      | Killed a red ugly thing
 10906 | D:9      | Noticed Harold
 10932 | D:9      | Killed Harold
 10932 | D:9      | Reached ***** piety under Okawaru
 10937 | D:9      | Reached XP level 11. HP: 58/84 MP: 22/22
 11147 | D:9      | Found a stormy altar of Qazlal.
 11236 | D:10     | Entered Level 10 of the Dungeon
 11372 | D:9      | HP: 4/84 [something (3)]
 12041 | D:10     | Received a gift from Okawaru
 12095 | D:10     | Reached skill level 5 in Conjurations
 12095 | D:10     | Reached skill level 5 in Hexes
 12095 | D:10     | Reached skill level 5 in Charms
 12095 | D:10     | Reached skill level 5 in Summonings
 12095 | D:10     | Reached skill level 5 in Necromancy
 12095 | D:10     | Reached skill level 5 in Transmutations
 12095 | D:10     | Reached skill level 5 in Fire Magic
 12095 | D:10     | Reached skill level 5 in Ice Magic
 12095 | D:10     | Reached skill level 5 in Air Magic
 12095 | D:10     | Reached skill level 5 in Earth Magic
 12095 | D:10     | Reached skill level 5 in Poison Magic
 12108 | D:10     | Received a gift from Okawaru
 12461 | D:10     | Found Tirghof's Food Shop.
 12651 | D:11     | Received a gift from Okawaru
 12694 | D:11     | You fall through a shaft for 2 floors!
 12871 | D:12     | Noticed a deep elf mage
 12899 | D:12     | Noticed a sun demon
 13069 | D:12     | Killed an unseen horror
 13122 | D:12     | Killed a deep elf mage
 13384 | D:12     | Got a translucent golden ring
 13400 | D:12     | Identified the ring "Nuenolui" {+Fly rElec rC++ Int-2
                  | Dex+2} (You found it on level 12 of the Dungeon)
 13500 | D:12     | Received a gift from Okawaru
 13807 | D:11     | Noticed a death yak
 13809 | D:11     | Found a staircase to the Lair.
 13809 | D:11     | Noticed a death yak
 13838 | D:10     | Killed a death yak
 13838 | D:10     | Received a gift from Okawaru
 13838 | D:10     | Reached XP level 12. HP: 43/93 MP: 24/24
 14055 | D:11     | Killed a death yak
 14596 | D:11     | Noticed a death yak
 14659 | D:11     | Killed a death yak
 15284 | D:7      | Bought a heavily runed scale mail for 207 gold pieces
 15294 | D:7      | Identified the cursed +1 scale mail of Husoer {Stlth+} (You
                  | bought it in a shop on level 7 of the Dungeon)
 15298 | D:7      | Bought a runed chain mail for 172 gold pieces
 15437 | Lair:1   | Entered Level 1 of the Lair of Beasts
 16262 | Lair:1   | Noticed a seven-headed hydra
 16272 | Lair:1   | Killed a seven-headed hydra
 16305 | Lair:1   | Received a gift from Okawaru
 17113 | Lair:2   | Learned a level 3 spell: Regeneration
 17118 | Lair:2   | Learned a level 4 spell: Summon Ice Beast
 17262 | Lair:2   | Found a transporter.
 17262 | Lair:2   | Noticed Ciovowug's ghost (journeyman DrTm)
 17455 | Lair:2   | Found a transporter.
 18090 | Lair:3   | Reached XP level 13. HP: 68/101 MP: 26/26
 18432 | Lair:3   | Found a hide-covered altar of Uskayaw.
 18581 | Lair:3   | Found a staircase to the Swamp.
 18714 | Lair:4   | Found a staircase to the Snake Pit.
 19707 | Lair:4   | Received a gift from Okawaru
 20076 | Lair:4   | Got a pair of jewelled gloves
 20082 | Lair:4   | Identified the cursed +0 pair of gloves of the Morning
                  | {rPois} (You found it on level 4 of the Lair of Beasts)
 20631 | Lair:5   | Noticed Josephine
 20648 | Lair:5   | Killed Josephine
 20648 | Lair:5   | Received a gift from Okawaru
 21307 | Lair:5   | Noticed an entropy weaver
 21307 | Lair:5   | Noticed an entropy weaver
 21348 | Lair:5   | HP: 2/101 [entropy weaver (5)]
 21348 | Lair:5   | Slain by an entropy weaver

Skill      XL: |  1  2  3  4  5  6  7  8  9 10 11 12 13 |
---------------+----------------------------------------+-----
Spellcasting   | 5 6 7 8 9 |  9.7
Invocations    | 1 2 3 4 5 6 7 8 9 |  9.1
Short Blades   | 1 2 3 4 5 6 7 8 |  8.3
Axes           | 1 2 3 4 5 6 7 8 |  8.3
Maces & Flails | 1 2 3 4 5 6 7 8 |  8.3
Polearms       | 1 2 3 4 5 6 7 8 |  8.3
Staves         | 1 2 3 4 5 6 7 8 |  8.3
Slings         | 1 2 3 4 5 6 7 8 |  8.3
Bows           | 1 2 3 4 5 6 7 8 |  8.3
Crossbows      | 1 2 3 4 5 6 7 8 |  8.3
Stealth        | 1 2 3 4 5 6 7 8 |  8.3
Shields        | 1 2 3 4 5 6 7 8 |  8.3
Unarmed Combat | 1 2 3 4 5 6 7 8 |  8.3
Evocations     | 1 2 3 4 5 6 7 8 |  8.3
Conjurations   | 1 2 3 4 5 6 |  6.9
Hexes          | 1 2 3 4 5 6 |  6.9
Charms         | 1 2 3 4 5 6 |  6.9
Summonings     | 1 2 3 4 5 6 |  6.9
Necromancy     | 1 2 3 4 5 6 |  6.9
Transmutations | 1 2 3 4 5 6 |  6.9
Fire Magic     | 1 2 3 4 5 6 |  6.9
Ice Magic      | 1 2 3 4 5 6 |  6.9
Air Magic      | 1 2 3 4 5 6 |  6.9
Earth Magic    | 1 2 3 4 5 6 |  6.9
Poison Magic   | 1 2 3 4 5 6 |  6.9
Throwing       | 3 4 5 6 7 8 |  8.7
Armour         | 3 4 5 6 7 8 |  8.7
Fighting       | 5 6 7 8 9 |  9.5
Long Blades    | 5 6 7 8 9 |  9.5
Dodging        | 5 6 7 8 9 |  9.5
Translocations | 6 7 8 |  8.9

Action                   |  1- 3 |  4- 6 |  7- 9 | 10-12 | 13-15 || total
-------------------------+-------+-------+-------+-------+-------++-------
Melee: Falchion          |   109 |       |       |       |       ||   109
       Bite              |    17 |    20 |    42 |   100 |    41 ||   220
       Mace              |    28 |   201 |   155 |       |       ||   384
       Punch             |     1 |     1 |    12 |    26 |    13 ||    53
       Short sword       |       |       |    69 |       |       ||    69
       Whip              |       |       |   224 |    76 |       ||   300
       Trident           |       |       |       |   708 |   316 ||  1024
 Cast: Shroud of Golubri |       |     2 |     9 |     2 |     1 ||    14
       Blink             |       |       |     5 |       |       ||     5
       Teleport Other    |       |       |     2 |       |       ||     2
Invok: Heroism           |       |       |     2 |    30 |    11 ||    43
       Finesse           |       |       |       |     1 |     2 ||     3
Evoke: Wand              |       |       |     5 |     6 |       ||    11
  Use: Scroll            |       |     6 |     6 |    14 |     3 ||    29
       Potion            |       |       |       |       |     1 ||     1
 Stab: Sleeping          |       |       |     5 |     2 |       ||     7
       Distracted        |       |       |     2 |     5 |       ||     7
       Paralysed         |       |       |       |     3 |       ||     3
  Eat: Chunk             |     2 |     6 |    11 |    24 |    10 ||    53
       Ration            |       |       |     3 |     1 |       ||     4
Armor: Leather armour    |    11 |       |       |       |       ||    11
       Ring mail         |    28 |   109 |   119 |   168 |       ||   424
       Chain mail        |       |       |       |    44 |   106 ||   150
Dodge: Dodged            |   125 |   181 |   288 |   572 |   136 ||  1302
       Rpst.: Falchion   |    26 |       |       |       |       ||    26
